 Dungeon Crawl Stone Soup version 0.28-b1-25-g9875b3fc8c (webtiles) character file.

Game seed: 1353785814332269430

107 Fingolfin the Skirmisher (level 5, -1/40 HPs)
             Began as a Djinni Transmuter on Feb 2, 2022.
             Slain by an orc priest (3 damage)
             ... on level 3 of the Dungeon.
             The game lasted 00:12:06 (3402 turns).

Fingolfin the Skirmisher (Djinni Transmuter)        Turns: 3402, Time: 00:12:06

Health: -1/40      AC:  3    Str: 11    XL:     5   Next: 11%
Gold:   110        EV: 12    Int: 15    God:
                   SH:  0    Dex: 13

rFire   + + .      SeeInvis .   b - +0 short sword
rCold   x . .      Faith    .   (no shield)
rNeg    . . .      Spirit   .   a - +0 robe
rPois   ∞          Reflect  .   (no helmet)
rElec   .          Harm     .   (no cloak)
rCorr   .          Rampage  .   i - +0 pair of gloves
Will    .....                   (boots unavailable)
Stlth   +.........              (no amulet)
HPRegen 0.13/turn               (no ring)
MPRegen 0.00/turn               (no ring)

@: flying, very slightly contaminated
A: sickness immunity, fire resistance 2, cold vulnerability 1, float, innate
caster, HP casting, extra vitality 1
a: no special abilities


You were on level 3 of the Dungeon.
You visited 1 branch of the dungeon, and saw 3 of its levels.

You collected 110 gold pieces.

Inventory:

Hand Weapons
 b - a +0 short sword (weapon)
Armour
 a - a +0 robe (worn)
 i - a +0 pair of gloves (worn)
Scrolls
 c - a scroll of blinking {unknown}
 d - a scroll of teleportation {unknown}
 e - 3 scrolls of identify {unknown}
 f - a scroll of vulnerability {unknown}
Potions
 g - a potion of magic {unknown}
 h - a potion of heal wounds {unknown}


   Skills:
 - Level 3.4 Fighting
 - Level 2.1 Dodging
 - Level 3.0 Unarmed Combat
 + Level 2.6 Spellcasting


You couldn't memorise any spells.
You knew the following spells:

 Your Spells              Type           Power      Damage    Failure   Level
a - Beastly Appendage     Tmut           18%        N/A       7%          1
b - Wereblood             Tmut           9%         N/A       11%         2
c - Spider Form           Tmut/Pois      9%         N/A       22%         3
d - Ice Form              Ice/Tmut       9%         N/A       56%         4
e - Foxfire               Conj/Fire      36%        2x1d5     7%          1
f - Static Discharge      Conj/Air       9%         N/A       11%         2
Your spell library was empty.

Dungeon Overview and Level Annotations

Branches:
Dungeon (3/15)

Altars:
Vehumet


Innate Abilities, Weirdness & Mutations

You are immune to sickness and miasma.
You are immune to poison.
Your flesh is very heat resistant. (rF++)
You are vulnerable to cold. (rC-)
You float through the air rather than walking.
You learn spells naturally, not from books.
Your magical power is your life essence.
You have superior vitality. (+4 MHP)


Message History

The lightning grounds out.
Things that are here:
a +0 hand axe; a +0 leather armour; an orc corpse An orc comes into view.
It is wielding a +0 hand axe.
Casting: Static Discharge (safe; 11% risk of failure)
Confirm with . or Enter, or press ? or * to list all spells.
You miscast Static Discharge.
You are very lightly contaminated with residual magic.
Nothing appears to happen.
The orc priest hits you with a +0 mace.
Casting: Static Discharge (safe; 11% risk of failure)
Confirm with . or Enter, or press ? or * to list all spells.
The orc priest is struck by an arc of lightning.
The orc priest is moderately wounded.
The lightning grounds out.
The orc priest looks satisfied for a moment.
Casting: Static Discharge (safe; 11% risk of failure)
Confirm with . or Enter, or press ? or * to list all spells.
The orc priest is struck by an arc of lightning.
The orc priest is severely wounded.
The lightning grounds out.
The orc hits you with a +0 hand axe.
The orc priest invokes the aid of Beogh against you.
Beogh smites you!
* * * LOW HITPOINT WARNING * * *
Casting: Static Discharge (safe; 11% risk of failure)
Confirm with . or Enter, or press ? or * to list all spells.
The orc is struck by an arc of lightning!
The orc is almost dead.
You are struck by an arc of lightning.
* * * LOW HITPOINT WARNING * * *
The lightning grounds out.
The orc priest is struck by an arc of lightning.
The orc priest is almost dead.
You are struck by an arc of lightning.
* * * LOW HITPOINT WARNING * * *
The lightning grounds out.
* * * LOW HITPOINT WARNING * * *
The orc hits you with a +0 hand axe.
* * * LOW HITPOINT WARNING * * *
The orc priest hits you with a +0 mace.
You die...

. .# #. .#.#
#. # .o.# #.
#.#..# #.
o#..# #. ...
#. #>#
#.####.#
#.)o@o.#####
######.....#
#.###.# #.#
#.# #.# #.#
#.# #.# #.#
#.# #.# #.#
###.# #.#


You could see an orc priest and an orc.

Vanquished Creatures
  A hound zombie (D:3)
  An adder (D:2)
  An adder skeleton (D:3)
  4 dart slugs
  3 orcs (D:3)
  2 bats
  6 endoplasms
  A giant cockroach (D:1)
  8 goblins
  8 hobgoblins
  6 jackals (D:1)
  2 quokkas (D:1)
  6 ball pythons
  A frilled lizard (D:3)
  4 kobolds
  7 rats
61 creatures vanquished.

Vanquished Creatures (others)
  105 foxfires
  A plant (D:2)
106 creatures vanquished.

Grand Total: 167 creatures vanquished

Notes
Turn   | Place    | Note
-------+----------+-------------------------------------------
     0 | D:1      | Fingolfin the Djinni Transmuter began the quest for the
                  | Orb.
     0 | D:1      | Reached XP level 1. HP: 17/17 MP: 0/0
   641 | D:1      | Reached XP level 2. HP: 16/23 MP: 0/0
  1102 | D:1      | Reached XP level 3. HP: 16/29 MP: 0/0
  1102 | D:1      | Learned a level 1 spell: Foxfire
  2141 | D:2      | Reached XP level 4. HP: 33/35 MP: 0/0
  3183 | D:3      | Reached XP level 5. HP: 32/40 MP: 0/0
  3183 | D:3      | Learned a level 2 spell: Static Discharge
  3402 | D:3      | HP: 2/40 [orc (5)]
  3402 | D:3      | Slain by an orc priest

Illustrated notes

Levels and vault maps discovered:
D:1:      ncdulo_wetmaze, layout_rooms
D:2:      cheibrodos_old_hovel, layout_basic, basic_altar, chequers_garden,
          hangedman_glass_teeth
D:3:      layout_loops_ring, minmay_misc_feat_ornament

Skill      XL: |  1  2  3  4 |
---------------+-------------+-----
Fighting       | 2 3 |  3.4
Spellcasting   | 2 |  2.6
Dodging        | |  2.1
Unarmed Combat | |  3.0

Action                   |  1- 3 |  4- 6 || total
-------------------------+-------+-------++-------
Melee: Unarmed           |    11 |       ||    11
       Short sword       |    77 |     7 ||    84
       Headbutt          |     9 |       ||     9
       Punch             |     1 |       ||     1
 Cast: Beastly Appendage |     9 |     1 ||    10
       Wereblood         |     1 |       ||     1
       Foxfire           |    21 |    40 ||    61
       Static Discharge  |       |     8 ||     8
 Stab: Sleeping          |     1 |       ||     1
Armor: Robe              |     7 |     3 ||    10
Dodge: Dodged            |    57 |    10 ||    67
